 Dungeon Crawl Stone Soup version 0.31-a0-844-gdc52ec4e09 (webtiles) character file.

Game seed: 7463755868561545952

97554 Skeral the Warrior (level 16, -12/150 HPs)
             Began as a Meteoran Earth Elementalist on Sept 29, 2023.
             Was a High Priest of Vehumet.
             Collided with a plant (23 damage)
             ... caused by a merfolk aquamancer
             ... on level 2 of the Shoals.
             The game lasted 01:11:38 (10137 turns).

Skeral the Warrior (Meteoran Earth Elementalist)   Turns: 10137, Time: 01:11:39

Health: -12/150    AC: 14    Str: 10    XL:     16   Next: 79%
Magic:  4/31       EV: 17    Int: 22    God:    Vehumet [*****.]
Gold:   1135       SH:  0    Dex: 18    Spells: 0/35 levels left

rFire   . . .        b - staff of earth {!a}
rCold   + . .        (no shield)
rNeg    . . .        T - +2 robe {rC+}
rPois   .            Z - +2 helmet
rElec   .            (no cloak)
rCorr   .            U - +0 pair of gloves
SInv    .            V - +1 pair of boots
Will    +++..        k - amulet of magic regeneration
Stlth   +            O - +4 ring of protection
HPRegen 0.45/turn    z - ring of willpower
MPRegen 0.62/turn

%: no passive effects
@: glowing, studying Stealth, very slow
A: sense surroundings 2, otherworldly, glowing, explore regen
}: 1/15 runes: barnacled
a: Renounce Religion


You were on level 2 of the Shoals.
You worshipped Vehumet.
Vehumet was extremely pleased with you.
You visited 5 branches of the dungeon, and saw 26 of its levels.
You also visited: Ossuary.

You collected 1695 gold pieces.
You spent 560 gold pieces at shops.


Innate Abilities, Weirdness & Mutations

You passively map the area around you.
You are easily found by Zot.
You glow in the dark.
You regain HP and MP as you explore.


   Skills:
 + Level 15.7 Fighting
 - Level 1.9 Long Blades
 - Level 4.4 Staves
 - Level 2.0 Armour
 + Level 8.7 Dodging
 - Level 1.4 Stealth
 + Level 1.3 Shields
 - Level 10.0 Spellcasting
 + Level 13.7 Conjurations
 - Level 7.0 Necromancy
 - Level 9.0 Translocations
 - Level 6.0 Transmutations
 - Level 4.5 Ice Magic
 - Level 6.5 Air Magic
 + Level 14.0 Earth Magic


You couldn't memorise any spells.
You knew the following spells:

 Your Spells              Type           Power      Damage    Failure   Level
a - Stone Arrow           Conj/Erth      100%       3d13      1%          3
b - Borgnjor's Vile Clut  Necr/Erth      36%        N/A       2%          5
f - Freezing Cloud        Conj/Ice/Air   23%        6-21      1%          5
g - Passage of Golubria   Tloc           50%        N/A       1%          4
i - Iskenderun's Mystic   Conj/Tloc      57%        2d12      1%          4
l - Lehudib's Crystal Sp  Conj/Erth      41%        10d10     32%         8
p - Passwall              Tmut/Erth      58%        N/A       1%          2
X - Brom's Barrelling Bo  Conj/Erth      83%        2d9       1%          4

Your spell library contained the following spells:

 Spells                   Type           Power      Damage    Failure   Level
 Ozocubu's Refrigeration  Ice            15%        4d10      86%         7
 Sandblast                Erth           100%       2d20      0%          1
 Momentum Strike          Conj/Tloc      100%       3d10      1%          2
 Hailstorm                Conj/Ice       50%        3d11      1%          3
 Vampiric Draining        Necr           41%        2d8       1%          3
 Petrify                  Tmut/Erth      70%        N/A       1%          4
 Scorch                   Fire           22%        2d5       2%          2
 Ensorcelled Hibernation  Hex/Ice        40%        N/A       3%          2
 Slow                     Hex            44%        N/A       6%          1
 Jinxbite                 Hex            22%        N/A       9%          2
 Anguish                  Hex/Necr       13%        N/A       14%         4
 Confusing Touch          Hex            11%        N/A       19%         3
 Sigil of Binding         Hex            11%        N/A       19%         3
 Summon Ice Beast         Ice/Summ       20%        N/A       24%         4
 Summon Forest            Summ/Tloc      15%        N/A       26%         5
 Silence                  Hex/Air        12%        N/A       41%         5
 Alistair's Intoxication  Tmut/Pois      16%        N/A       43%         5
 Eringya's Noxious Bog    Tmut/Pois      12%        4d6       54%         6
 Simulacrum               Ice/Necr       18%        N/A       65%         6
 Summon Mana Viper        Hex/Summ       11%        N/A       86%         5
 Summon Cactus Giant      Summ           5%         N/A       100%        6

Inventory:

Hand Weapons
 a - the +3 demon blade of Otioz {drain, rElec rF+}
   (You found it on level 4 of the Shoals)

   rF+:       It protects you from fire.
   rElec:     It insulates you from electricity.
 w - a +0 demon trident of freezing
   (You took it off a merfolk impaler on level 4 of the Shoals)
Missiles
 r - 3 boomerangs
 t - 24 poisoned darts (quivered)
 y - a curare-tipped dart {=f}
 Q - 5 silver javelins
Armour
 C - a +0 kite shield
   (You found it on level 4 of the Shoals)
 T - a +2 robe of cold resistance (worn)
   (You took it off Fannar on level 2 of the Lair of Beasts)
 U - a +0 pair of gloves (worn)
   (You found it on level 8 of the Dungeon)
 V - a +1 pair of boots (worn)
   (You found it on level 5 of the Lair of Beasts)
 Z - a +2 helmet (worn)
   (You found it on level 2 of the Shoals)
Magical Staves
 b - a staff of earth (weapon) {!a}
   (You found it on level 3 of the Dungeon)
Jewellery
 k - an amulet of magic regeneration (around neck)
   (You found it on level 2 of the Dungeon)
 z - a ring of willpower (right hand)
   (You found it on level 7 of the Dungeon)
 E - a +5 ring of evasion
   (You found it on level 2 of the Dungeon)
 F - a ring of protection from fire
   (You bought it in a shop on level 3 of the Shoals)
 N - a ring of positive energy
   (You found it on level 9 of the Dungeon)
 O - a +4 ring of protection (left hand)
   (You found it on level 12 of the Dungeon)
 P - a ring of poison resistance
   (You found it on level 13 of the Dungeon)
Wands
 g - a wand of digging (8)
   (You found it on level 12 of the Dungeon)
 q - a wand of light (19)
   (You found it on level 3 of the Dungeon)
 G - a wand of flame (17)
   (You found it on level 6 of the Dungeon)
 H - a wand of mindburst (1)
   (You found it on level 7 of the Dungeon)
 X - a wand of iceblast (4)
   (You found it on level 5 of the Lair of Beasts)
Scrolls
 e - 6 scrolls of teleportation {@r4}
 h - 12 scrolls of vulnerability {!r!r}
 l - 2 scrolls of brand weapon
 m - 4 scrolls of blinking {!r}
 o - 6 scrolls of enchant armour
 p - a scroll of fear
 u - 5 scrolls of fog
 x - 4 scrolls of amnesia
 A - 4 scrolls of enchant weapon
 D - 2 scrolls of torment {!r}
 J - 3 scrolls of revelation
 K - 4 scrolls of poison {!r}
 M - 3 scrolls of immolation {!r!r}
 R - 3 scrolls of identify {@r1}
 Y - a scroll of butterflies
Potions
 c - 3 potions of might
 d - 10 potions of haste {@q3}
 f - a potion of attraction {!q}
 i - a potion of cancellation
 j - 4 potions of curing {@q1}
 n - a potion of magic
 s - 2 potions of lignification {!q}
 v - 2 potions of ambrosia
 B - 2 potions of enlightenment
 I - 4 potions of mutation {!q}
 L - 7 potions of brilliance
 S - 2 potions of resistance
 W - a potion of invisibility

Dungeon Overview and Level Annotations

Branches:
Dungeon (14/15) Zot: 2704  Temple (1/1) D:7 Zot: 553    Lair (5/5) D:10 Zot: 821
 Shoals (4/4) Lair:3 Zot: 527  Spider (0/4) Lair:2        Slime (0/5) Lair:4
    Orc (2/2) D:12 Zot: 891  Vaults (0/5) D:14        Ossuary (visited)
    Elf: Orc:2

Altars:
Cheibriados
Dithmenos
Elyvilon
Fedhas
Gozag
Hepliaklqana
Kikubaaqudgha
Makhleb
Nemelex Xobeh
Qazlal
Ru
Trog
Uskayaw
Vehumet
Wu Jian
Xom
Yredelemnul
Zin
The Shining One
Jiyva

Shops:
D:2 :   D:3 ?   Shoals:3 =

Portals:
Trove: D:12 (show slimy rune of Zot)

Annotations:
D:3 Ijyb
D:12 exclusion: statue
Lair:3 3 runed translucent doors, particleface's ghost, journeyman KoVM
Shoals:2 Ilsuiw
Shoals:3 6 transporters
Orc:2 Nessos

, ...P.P..+,
#...[.......~.#.. .P.P....+,
,#............<... ,
,.P.P.m..# #.~~~.~~.......~.
, .P.P....#,
#..~~~~~~~~~)~~~. ~
..l...S.#* #...~~~~.~~~~~~~~
.......†#, #.~~~~~~..~~~~~~~
.##.§##)# #.~~~~~~~~~≈≈≈≈~~
,, #...
#m#####.~~~~~~~~≈≈≈≈~.. #...
#§☼§§.@P~≈≈≈~~≈≈≈≈≈≈..# ~,
#.., #§§§≈≈≈≈≈≈≈≈≈≈≈≈≈≈≈~..#
, ## #.≈≈§≈≈≈≈≈≈≈≈≈≈≈≈≈≈~~.#
,,....≈≈≈≈≈≈≈≈≈≈≈≈≈≈≈≈≈~~.#
~,,
,...~≈≈≈≈≈≈≈≈≈≈≈≈≈≈≈≈≈≈≈~.#
,~~~~~≈≈≈≈≈≈≈≈≈≈≈≈≈≈≈≈≈≈≈~(#
~
~~~~~≈≈≈≈≈≈≈≈≈≈≈≈≈≈≈≈≈≈≈≈~~.
~~~≈≈≈≈≈≈≈≈≈≈≈≈≈≈≈≈≈≈≈≈≈≈≈~~~
~ ~ ~ ~ ≈≈≈≈≈≈≈~~


You could see a merfolk aquamancer.


Message History

Aiming: Stone Arrow (safe; 1% risk of failure)
Press: ? - help, Shift-Dir - straight line, f - merfolk aquamancer
Aim: a merfolk aquamancer, wielding a +0 rapier and wearing a +0 robe (almost dead, constricted by zombie hands, 100% to hit)
You feel a surge of power!
The stone arrow hits the merfolk aquamancer!!
You kill the merfolk aquamancer!
Vehumet accepts your kill.
You are engulfed in a cloud of scalding steam.
* * * LOW HITPOINT WARNING * * *
You feel sick.
The sea snake is engulfed in freezing vapours.
The sea snake seems to slow down.
Your Earth Magic skill increases to level 14! 😱 HP[-4] MP[-2]
You take 4 damage, and now have 35/150 hp.
You lost 2 mp, and now have 16/31 mp.
You are engulfed in a cloud of scalding steam.
You feel sick. 😱 MP[+1]
You feel better.
A nearby plant withers and dies. 😨 HP[+9]
You regained 9 hp, and now have 44/150 hp. 😨 HP[+1] MP[+1]
Casting: Stone Arrow (safe; 1% risk of failure)
Confirm with . or Enter, or press ? or * to list all spells.
Aiming: Freezing Cloud (mildly dangerous; 1% risk of failure)
Press: ? - help, Dir - move target, f - sea snake
Aim: a sea snake (moderately wounded, slow)
The sea snake is engulfed in freezing vapours.
The sea snake seems to slow down. 😨 HP[+1] MP[-4]
You lost 4 mp, and now have 14/31 mp.
Casting: Freezing Cloud (mildly dangerous; 1% risk of failure)
Confirm with . or Enter, or press ? or * to list all spells.
Aiming: Stone Arrow (safe; 1% risk of failure)
Press: ? - help, Shift-Dir - straight line, f/p - sea snake
Aim: a sea snake (freezing vapour, heavily wounded, slow, 63% to hit)
You feel a surge of power!
The stone arrow hits the sea snake!!
The sea snake is engulfed in freezing vapours.
The sea snake seems to slow down.
You kill the sea snake!
Vehumet accepts your kill.
You feel your power returning.
Unknown command. 😨 HP[+1] MP[+1]
Casting: Stone Arrow (safe; 1% risk of failure)
Confirm with . or Enter, or press ? or * to list all spells.
Aiming: Stone Arrow (safe; 1% risk of failure)
Press: ? - help, Shift-Dir - straight line, f - merfolk aquamancer
Aim: a merfolk aquamancer, wielding a +4 rapier of speed and wearing a +0 robe (moderately wounded, 72% to hit)
You feel a surge of power!
The stone arrow hits the merfolk aquamancer!! 😨 HP[+1] MP[-2]
You lost 2 mp, and now have 13/31 mp.
Casting: Stone Arrow (safe; 1% risk of failure)
Confirm with . or Enter, or press ? or * to list all spells.
Aiming: Stone Arrow (safe; 1% risk of failure)
Press: ? - help, Shift-Dir - straight line, f/p - merfolk aquamancer
Aim: a merfolk aquamancer, wielding a +4 rapier of speed and wearing a +0 robe (severely wounded, 72% to hit)
You feel a surge of power!
The stone arrow misses the merfolk aquamancer. 😨 MP[-2]
You lost 2 mp, and now have 11/31 mp.
Casting: Stone Arrow (safe; 1% risk of failure)
Confirm with . or Enter, or press ? or * to list all spells.
Aiming: Stone Arrow (safe; 1% risk of failure)
Press: ? - help, Shift-Dir - straight line, f/p - merfolk aquamancer
Aim: a merfolk aquamancer, wielding a +4 rapier of speed and wearing a +0 robe (severely wounded, 72% to hit)
You feel a surge of power!
The stone arrow hits the merfolk aquamancer!
The merfolk aquamancer casts a spell at you.
The torrent of water misses you.
The wave splashes down.
Splash!
You fall into the shallow water.
Moving in this stuff is going to be slow.
You hear an angry hiss. x5; You hear a shout! x2 😨 HP[+1] MP[-3]
You lost 3 mp, and now have 8/31 mp.
Casting: Stone Arrow (safe; 1% risk of failure)
Confirm with . or Enter, or press ? or * to list all spells.
Aiming: Stone Arrow (safe; 1% risk of failure)
Press: ? - help, Shift-Dir - straight line, f/p - merfolk aquamancer
Aim: a merfolk aquamancer, wielding a +4 rapier of speed and wearing a +0 robe (almost dead, 72% to hit)
You feel a surge of power!
The stone arrow misses the merfolk aquamancer. 😨 MP[-2]
You lost 2 mp, and now have 6/31 mp.
Casting: Stone Arrow (safe; 1% risk of failure)
Confirm with . or Enter, or press ? or * to list all spells.
Aiming: Stone Arrow (safe; 1% risk of failure)
Press: ? - help, Shift-Dir - straight line, f/p - merfolk aquamancer
Aim: a merfolk aquamancer, wielding a +4 rapier of speed and wearing a +0 robe (severely wounded, 72% to hit)
You feel a surge of power!
The stone arrow misses the merfolk aquamancer.
The merfolk aquamancer casts a spell at you.
The torrent of water hits you!!!
* * * LOW HITPOINT WARNING * * *
You are knocked back by the torrent of water.
You collide with the plant!
The plant begins to die.
You die...

Skill      XL: |  1  2  3  4  5  6  7  8  9 10 11 12 13 14 15 16 |
---------------+-------------------------------------------------+-----
Spellcasting   | 3 4 5 7 9 10 | 10.0
Earth Magic    | 4 5 6 8 9 10 11 12 13 14 | 14.0
Transmutations | 2 3 5 6 |  6.0
Fighting       | 1 2 3 4 6 7 10 11 12 13 15 | 15.7
Conjurations   | 1 2 3 4 5 6 8 10 11 13 | 13.7
Dodging        | 3 4 6 7 8 |  8.7
Translocations | 3 5 8 9 |  9.0
Necromancy     | 1 6 7 |  7.0
Air Magic      | 5 6 |  6.5
Ice Magic      | 4 |  4.5
Armour         | 2 |  2.0
Staves         | 1 4 |  4.4
Long Blades    | 1 |  1.9
Shields        | 1 |  1.3
Stealth        | |  1.4

Action                     |  1- 3 |  4- 6 |  7- 9 | 10-12 | 13-15 | 16-18 || total
---------------------------+-------+-------+-------+-------+-------+-------++-------
  Melee: Dagger            |    11 |     1 |       |       |       |       ||    12
         Staff             |       |     2 |    13 |    33 |    69 |     1 ||   118
         Punch             |       |       |       |     1 |     1 |       ||     2
  Throw: Dart              |       |       |       |    14 |     2 |       ||    16
   Cast: Sandblast         |    49 |    37 |    53 |    45 |    16 |       ||   200
         Passwall          |     6 |       |     9 |     5 |       |       ||    20
         Stone Arrow       |       |    10 |    59 |   186 |   464 |    98 ||   817
         Brom's Barrelling |       |       |       |     4 |     9 |       ||    13
         Petrify           |       |       |       |     2 |       |       ||     2
         Passage of Golubr |       |       |       |       |     1 |       ||     1
         Borgnjor's Vile C |       |       |       |       |    55 |    24 ||    79
         Freezing Cloud    |       |       |       |       |    20 |    16 ||    36
         Iskenderun's Myst |       |       |       |       |       |     5 ||     5
  Evoke: Wand              |       |       |     1 |    19 |    14 |       ||    34
    Use: Scroll            |       |     3 |    14 |    10 |     9 |     2 ||    38
         Potion            |       |       |       |     1 |     3 |     2 ||     6
 Armour: Robe              |    37 |     9 |    31 |   139 |   353 |    72 ||   641
  Dodge: Dodged            |    38 |    24 |   104 |   195 |   411 |    49 ||   821

Levels and vault maps discovered:
D:1:      dpeg_arrival_simpleton_a, layout_basic
D:2:      kennysheep_six_static_rooms, layout_basic, basic_altar, serial_shops,
          nicolae_shop_rolled_up, nicolae_shop_advertising_works
          [nicolae_subvault_shop_adworks], shop, nicolae_shop_hallway_plus
D:3:      layout_loops_ring, nicolae_uskayaw_dance_hall,
          mainiacjoe_overflow_surrounded_room, okawaru_metal_pillars_1_2,
          xom_teletrap_fun, serial_shops, shop, chequers_hall_statues_wall_a,
          minmay_lizard_king, uniq_ijyb
D:4:      layout_rooms, nicolae_overflow_two_pavilions,
          nicolae_ossuary_entry_giza, uniq_crazy_yiuf_cottage, uniq_grinder,
          uniq_blork_the_orc
D:5:      layout_basic
D:6:      layout_loops_ring, lemuel_crystal_altar, kennysheep_mini_moat,
          serial_demonic, serial_demonic_a, serial_demonic_d, serial_demonic_e,
          serial_demonic_b, chequers_mini_garden, grunt_ministairs_10,
          chequers_serial_rivers_micro_a, corexii_item_surrounded_by_moat,
          grunt_decor_resistance
D:7:      layout_basic, old_standard_altar, amethyst_overflow_temple_binary,
          minmay_temple_entry_waves
D:8:      layout_basic, special_room [special_room_orc], minmay_ruffians
D:9:      layout_roguey, nicolae_gozag_cash_rules_everything_around_me,
          minmay_misc_feat_secret_circle
D:10:     layout_basic, dpeg_oklobed_lair, dk_noncrumbling_4, minivault_4,
          dreamdust_wishing_well, hangedman_abyss_or_decor_stabs,
          nicolae_shop_firing_range
D:11:     layout_big_octagon
D:12:     layout_gridville, orc_0_dummy, enter_trove_2, vehumet_statue,
          uniq_josephine, uniq_psyche
D:13:     cheibrodos_tormentor_scu, layout_cave_pods
D:14:     layout_cave_pods, hellmonk_vaults_attempted_burglary,
          chequers_serial_rivers_room_a
Temple:   cyrus_temple_forest
Lair:1:   layout_hall_layers, evilmike_ambush [evilmike_ambush_outer_doors,
          evilmike_ambush_inner_pond], infiniplex_staircase_pool_2
Lair:2:   layout_cave_pods, spider_nest_entry_webs, uniq_fannar
Lair:3:   cheibrodos_magma_flow, layout_regular_city, minmay_shoals_entry_hut,
          gammafunk_ghost_hydra_chop, serial_bayou_lake_a,
          infiniplex_staircase_pool
Lair:4:   layout_cave_pods, slime_entry_1
Lair:5:   hellmonk_lair_end_abyssal_woods, layout_cave_shapes,
          minmay_lair_drake_nest
Shoals:1: layout_shoals, nicolae_shoals_undead_eyrie, uniq_nikola
Shoals:2: cheibrodos_shoals_three_sisters, layout_shoals, uniq_ilsuiw
Shoals:3: layout_shoals, serial_shops, shop, serial_nicolae_subway,
          nicolae_sub_station_stone, nicolae_sub_station_metal,
          nicolae_sub_station_crystal
Shoals:4: shoals_end_grunt_ice, layout_shoals
Orc:1:    layout_caves, nicolae_orc_lava_tube
Orc:2:    grunt_orc_tribal_feast, layout_diamond_mine, serial_shops,
          bzr_entry_road, basic_altar, portal_ice_cave_entry_imps, uniq_nessos

Notes
Turn   | Place    | Note
-------+----------+-------------------------------------------
     0 | D:1      | Skeral the Meteoran Earth Elementalist began the quest for
                  | the Orb.
     0 | D:1      | Reached XP level 1. HP: 14/14 MP: 5/5
     0 | D:1      | magus.rc [v1.10.3]
    34 | D:1      | HP: 3/14 [giant cockroach (1)]
    37 | D:1      | Reached XP level 2. HP: 4/20 MP: 0/6
    40 | D:1      | HP: 5/20 [quokka (1)]
    47 | D:1      | HP: 5/20 [quokka (3)]
    49 | D:1      | Reached skill level 3 in Spellcasting
   232 | D:1      | Learned a level 2 spell: Passwall
   268 | D:1      | Reached skill level 4 in Earth Magic
   320 | D:1      | Reached skill level 2 in Transmutations
   320 | D:1      | Reached XP level 3. HP: 26/26 MP: 4/8
   380 | D:1      | Learned a level 3 spell: Stone Arrow
   594 | D:2      | Found Baklapp's Book Boutique.
   674 | D:2      | Reached XP level 4. HP: 32/34 MP: 8/10
   701 | D:3      | Reached skill level 1 in Fighting
   701 | D:3      | Reached skill level 1 in Conjurations
   724 | D:3      | Reached XP level 5. HP: 40/40 MP: 11/11
   753 | D:3      | Found a shimmering altar of Xom.
   755 | D:3      | Noticed Ijyb
   814 | D:3      | Found Wopn's Magic Scroll Shoppe.
   831 | D:3      | Bought a scroll of blinking for 75 gold pieces
   890 | D:3      | Found a hide-covered altar of Uskayaw.
   949 | D:3      | Found a glowing silver altar of Zin.
  1048 | D:3      | Bought a scroll of identify for 20 gold pieces
  1048 | D:3      | Bought a scroll of fog for 40 gold pieces
  1082 | D:4      | Reached skill level 4 in Spellcasting
  1082 | D:4      | Reached skill level 2 in Conjurations
  1082 | D:4      | Reached skill level 3 in Transmutations
  1082 | D:4      | Reached XP level 6. HP: 48/48 MP: 3/13
  1099 | D:4      | Reached skill level 2 in Fighting
  1140 | D:4      | Found a sand-covered staircase.
  1146 | D:4      | Noticed Blork the orc
  1152 | D:4      | Killed Blork the orc
  1153 | D:4      | Reached skill level 5 in Earth Magic
  1164 | Ossuary  | Entered an ossuary
  1202 | Ossuary  | Reached skill level 3 in Dodging
  1202 | Ossuary  | Reached skill level 3 in Conjurations
  1202 | Ossuary  | Reached XP level 7. HP: 46/56 MP: 10/14
  1249 | Ossuary  | Noticed a flying skull
  1249 | Ossuary  | Noticed a wraith
  1255 | Ossuary  | Noticed a flying skull
  1260 | Ossuary  | Noticed a wraith
  1263 | Ossuary  | Killed a wraith
  1264 | Ossuary  | Reached skill level 3 in Fighting
  1293 | Ossuary  | Noticed a flying skull
  1319 | Ossuary  | Noticed a wraith
  1326 | Ossuary  | Noticed a flying skull
  1333 | Ossuary  | Killed a wraith
  1334 | Ossuary  | Reached skill level 4 in Conjurations
  1334 | Ossuary  | Reached XP level 8. HP: 24/66 MP: 4/15
  1351 | Ossuary  | Reached skill level 4 in Dodging
  1351 | Ossuary  | Reached skill level 6 in Earth Magic
  1418 | D:4      | Noticed Grinder
  1424 | D:4      | Killed Grinder
  1425 | D:4      | Reached skill level 4 in Fighting
  1473 | D:5      | Entered Level 5 of the Dungeon
  1474 | D:5      | magus.rc [v1.10.3]
  1685 | D:5      | Reached skill level 5 in Conjurations
  1691 | D:5      | Learned a level 4 spell: Petrify
  1787 | D:7      | Gained mutation: You passively map the area around you.
                  | [Meteoran growth]
  1787 | D:7      | Reached XP level 9. HP: 58/73 MP: 8/16
  1814 | D:7      | Reached skill level 5 in Dodging
  1819 | D:7      | Found a staircase to the Ecumenical Temple.
  1831 | D:7      | Reached skill level 5 in Fighting
  1831 | D:7      | Reached skill level 7 in Earth Magic
  1832 | Temple   | Entered the Ecumenical Temple
  1894 | D:7      | Found a shadowy altar of Dithmenos.
  1898 | D:7      | You fall into a shaft and drop 2 floors!
  1924 | D:9      | Reached skill level 4 in Transmutations
  2036 | D:7      | Reached skill level 6 in Conjurations
  2420 | D:6      | Found a sacrificial altar of Ru.
  2506 | D:6      | Found a stormy altar of Qazlal.
  2626 | D:6      | Reached skill level 5 in Transmutations
  2692 | D:7      | Reached skill level 6 in Dodging
  2742 | D:7      | Reached skill level 6 in Fighting
  2935 | D:7      | Reached skill level 8 in Earth Magic
  2935 | D:7      | Reached XP level 10. HP: 83/83 MP: 8/17
  2962 | D:7      | Found a radiant altar of Vehumet.
  2962 | D:7      | Found an ancient bone altar of Kikubaaqudgha.
  2981 | D:7      | Reached skill level 7 in Conjurations
  3009 | D:7      | Became a worshipper of Vehumet
  3071 | D:8      | Reached skill level 7 in Fighting
  3071 | D:8      | Reached skill level 7 in Dodging
  3172 | D:8      | Reached skill level 9 in Earth Magic
  3224 | D:8      | Reached skill level 8 in Conjurations
  3339 | D:8      | Identified the +0 chain mail of Kofy {+Blink Will++ MP-9}
  3372 | D:8      | Learned a level 4 spell: Brom's Barrelling Boulder
  3382 | D:8      | Reached * piety under Vehumet
  3382 | D:8      | Offered knowledge of Foxfire by Vehumet.
  3403 | D:8      | Reached XP level 11. HP: 87/94 MP: 10/18
  3407 | D:8      | Reached skill level 8 in Fighting
  3413 | D:8      | HP: 15/94 [yak (15)]
  3417 | D:8      | Reached skill level 9 in Conjurations
  3591 | D:8      | Reached skill level 10 in Earth Magic
  3593 | D:8      | You pick up a book of Dreams and begin reading...
  3593 | D:8      | You add the spells Jinxbite, Ensorcelled Hibernation and
                  | Anguish to your library.
  3771 | D:9      | Found an opulent altar of Gozag.
  3807 | D:9      | HP: 23/95 [yak (14)]
  3809 | D:9      | Reached skill level 9 in Fighting
  3813 | D:9      | HP: 14/97 [yak (11)]
  3836 | D:9      | Reached skill level 10 in Conjurations
  3982 | D:9      | You pick up a book of the Moon and begin reading...
  3982 | D:9      | You add the spells Passage of Golubria, Silence and
                  | Lehudib's Crystal Spear to your library.
  3996 | D:9      | Learned a level 4 spell: Passage of Golubria
  4017 | D:10     | Entered Level 10 of the Dungeon
  4071 | D:10     | Reached skill level 10 in Fighting
  4152 | D:9      | Reached skill level 1 in Translocations
  4197 | D:9      | Reached ** piety under Vehumet
  4200 | D:9      | Offered knowledge of Momentum Strike by Vehumet.
  4254 | D:10     | Found a staircase to the Lair.
  4432 | D:11     | Noticed a cyclops
  4436 | D:11     | Killed a cyclops
  4437 | D:11     | Reached skill level 2 in Translocations
  4517 | D:11     | Noticed a cyclops
  4522 | D:11     | Killed a cyclops
  4585 | D:11     | Noticed a manticore
  4589 | D:11     | Killed a manticore
  4590 | D:11     | Reached skill level 5 in Spellcasting
  4590 | D:11     | Reached skill level 3 in Translocations
  4590 | D:11     | Reached XP level 12. HP: 107/107 MP: 12/20
  4885 | D:13     | Noticed a boulder beetle
  4896 | D:13     | HP: 25/108 [boulder beetle (20)]
  4906 | D:13     | Killed a boulder beetle
  4907 | D:13     | Reached skill level 4 in Translocations
  4979 | D:14     | Offered knowledge of Searing Ray by Vehumet.
  4980 | D:14     | Reached skill level 6 in Spellcasting
  5009 | D:14     | Noticed a five-headed hydra
  5029 | D:14     | Killed a five-headed hydra
  5030 | D:14     | Reached skill level 11 in Conjurations
  5030 | D:14     | Reached skill level 11 in Earth Magic
  5105 | D:14     | Noticed a centaur warrior
  5112 | D:14     | Killed a centaur warrior
  5113 | D:14     | Reached skill level 11 in Fighting
  5113 | D:14     | Reached skill level 5 in Translocations
  5135 | D:14     | Found a gate to the Vaults.
  5207 | D:14     | You add the spells Alistair's Intoxication, Borgnjor's Vile
                  | Clutch and Eringya's Noxious Bog to your library.
  5218 | D:14     | Learned a level 5 spell: Borgnjor's Vile Clutch
  5223 | D:13     | Noticed a centaur warrior
  5399 | D:12     | Found a portal to a secret trove of treasure.
  5403 | D:12     | Noticed Psyche
  5414 | D:12     | Reached *** piety under Vehumet
  5415 | D:12     | Reached skill level 1 in Necromancy
  5422 | D:12     | Killed Psyche
  5476 | D:12     | Found a radiant altar of Vehumet.
  5542 | D:12     | Reached skill level 7 in Spellcasting
  5613 | D:12     | Found a staircase to the Orcish Mines.
  5625 | D:12     | Noticed Josephine
  5632 | D:12     | Reached XP level 13. HP: 100/114 MP: 11/24
  5635 | D:12     | Killed Josephine
  5636 | D:12     | Reached skill level 2 in Necromancy
  5774 | Orc:1    | Entered Level 1 of the Orcish Mines
  5844 | Orc:1    | Offered knowledge of Hailstorm by Vehumet.
  5921 | Orc:1    | Noticed an orc warlord
  5922 | Orc:1    | Reached skill level 6 in Translocations
  5937 | Orc:2    | Entered Level 2 of the Orcish Mines
  6064 | Orc:2    | Noticed Nessos
  6066 | Orc:2    | Noticed a two-headed ogre
  6079 | D:12     | HP: 29/116 [poisoned by Nessos]
  6090 | D:13     | Reached skill level 6 in Transmutations
  6182 | Lair:1   | Entered Level 1 of the Lair of Beasts
  6197 | Lair:1   | Reached skill level 3 in Necromancy
  6232 | Lair:1   | Reached **** piety under Vehumet
  6261 | Lair:1   | Reached skill level 12 in Earth Magic
  6390 | Lair:1   | Reached skill level 4 in Necromancy
  6400 | Lair:1   | Reached skill level 7 in Translocations
  6401 | Lair:1   | Offered knowledge of Freezing Cloud by Vehumet.
  6501 | Lair:1   | Reached skill level 12 in Fighting
  6533 | Lair:1   | HP: 20/118 [yak (14)]
  6591 | Lair:1   | Reached skill level 5 in Necromancy
  6640 | Lair:2   | Noticed a six-headed hydra
  6647 | Lair:2   | Killed a six-headed hydra
  6710 | Lair:2   | Reached skill level 8 in Translocations
  6778 | Lair:2   | Found a hole to the Spider Nest.
  6802 | Lair:2   | Noticed Fannar
  6817 | Lair:2   | Killed Fannar
  6860 | Lair:2   | Reached skill level 6 in Necromancy
  6873 | Lair:3   | Found a runed translucent gate.
  6874 | Lair:3   | Noticed a 12-headed hydra
  6875 | Lair:3   | Found a runed translucent gate.
  6875 | Lair:3   | Noticed particleface's ghost (journeyman KoVM)
  6876 | Lair:3   | Found a runed translucent gate.
  7039 | Lair:3   | Noticed an eight-headed hydra
  7048 | Lair:3   | Killed an eight-headed hydra
  7049 | Lair:3   | Reached XP level 14. HP: 43/127 MP: 14/26
  7055 | Lair:3   | Learned a level 5 spell: Freezing Cloud
  7075 | Lair:3   | Reached skill level 8 in Spellcasting
  7086 | Lair:3   | Reached skill level 9 in Translocations
  7124 | Lair:3   | Reached skill level 1 in Air Magic
  7126 | Lair:3   | Reached skill level 1 in Ice Magic
  7142 | Lair:3   | Reached ***** piety under Vehumet
  7158 | Lair:3   | Offered knowledge of Iskenderun's Mystic Blast by Vehumet.
  7173 | Lair:3   | Learned a level 4 spell: Iskenderun's Mystic Blast
  7246 | Lair:4   | magus.rc [v1.10.3]
  7337 | Lair:4   | Found a staircase to the Slime Pits.
  7340 | Lair:4   | Found a viscous altar of Jiyva.
  7418 | Lair:4   | Reached skill level 2 in Air Magic
  7432 | Lair:4   | Reached skill level 2 in Ice Magic
  7440 | Lair:4   | Reached skill level 13 in Fighting
  7482 | Lair:4   | You pick up a book of the Wilderness and begin reading...
  7482 | Lair:4   | You add the spells Summon Forest, Summon Mana Viper and
                  | Summon Cactus Giant to your library.
  7565 | Lair:5   | Entered Level 5 of the Lair of Beasts
  7587 | Lair:5   | Reached skill level 3 in Air Magic
  7623 | Lair:5   | Reached skill level 3 in Ice Magic
  7791 | Lair:5   | Reached skill level 9 in Spellcasting
  7796 | Lair:5   | Reached skill level 4 in Air Magic
  7803 | Lair:5   | Reached skill level 7 in Necromancy
  7815 | Lair:5   | Reached skill level 4 in Ice Magic
  7868 | Lair:5   | Reached skill level 5 in Air Magic
  7930 | Lair:5   | Reached XP level 15. HP: 131/136 MP: 14/29
  7966 | Lair:5   | Reached skill level 13 in Earth Magic
  8022 | Lair:5   | Reached skill level 10 in Spellcasting
  8058 | Lair:5   | Reached skill level 14 in Fighting
  8069 | Lair:5   | Offered knowledge of Spellforged Servitor by Vehumet.
  8322 | Lair:3   | Found a staircase to the Shoals.
  8336 | Shoals:1 | Entered Level 1 of the Shoals
  8424 | Shoals:2 | Noticed Ilsuiw
  8467 | Shoals:1 | Reached skill level 12 in Conjurations
  8667 | Shoals:1 | Noticed Nikola
  8673 | Shoals:1 | HP: 21/139 [Nikola/arc of chain lightning (83)]
  8676 | Shoals:1 | Killed Nikola
  8677 | Shoals:1 | Reached skill level 15 in Fighting
  8687 | Shoals:1 | Reached skill level 13 in Conjurations
  8852 | Shoals:1 | HP: 31/141 [water elemental[a merfolk aquamancer] (11)]
  8860 | Shoals:1 | Reached skill level 1 in Armour
  8999 | Shoals:2 | HP: 34/141 [merfolk/+0 trident[a merfolk aquamancer] (12)]
  9214 | Shoals:3 | Reached skill level 2 in Armour
  9219 | Shoals:3 | Found a transporter.
  9226 | Shoals:3 | Found a transporter.
  9254 | Shoals:3 | Found a transporter.
  9254 | Shoals:3 | Found a transporter.
  9263 | Shoals:3 | Reached skill level 1 in Staves
  9280 | Shoals:3 | Found a transporter.
  9302 | Shoals:3 | HP: 30/141 [water elemental (16)]
  9303 | Shoals:3 | HP: 14/141 [water elemental (6)]
  9336 | Shoals:3 | Reached XP level 16. HP: 139/149 MP: 25/31
  9355 | Shoals:3 | Learned a level 8 spell: Lehudib's Crystal Spear
  9384 | Shoals:4 | Entered Level 4 of the Shoals
  9393 | Shoals:4 | Reached skill level 2 in Staves
  9393 | Shoals:4 | Reached skill level 6 in Air Magic
  9510 | Shoals:4 | Reached skill level 3 in Staves
  9514 | Shoals:4 | Reached skill level 8 in Dodging
  9516 | Shoals:4 | You pick up a book of the Tundra and begin reading...
  9516 | Shoals:4 | You add the spells Hailstorm, Summon Ice Beast and
                  | Simulacrum to your library.
  9666 | Shoals:4 | Offered knowledge of Ozocubu's Refrigeration by Vehumet.
  9690 | Shoals:4 | Identified the +3 demon blade of Otioz {drain, rElec rF+}
  9744 | Shoals:4 | Reached skill level 4 in Staves
  9762 | Shoals:4 | You add the spells Momentum Strike and Scorch to your
                  | library.
  9762 | Shoals:4 | Got an unusual book
  9780 | Shoals:4 | You pick up a book of Debilitation and begin reading...
  9780 | Shoals:4 | You add the spells Slow, Sigil of Binding, Vampiric
                  | Draining and Confusing Touch to your library.
  9810 | Shoals:4 | Reached skill level 1 in Long Blades
  9816 | Shoals:4 | Got a barnacled rune of Zot
  9907 | Shoals:3 | Found Didghekam's Jewellery Shoppe.
  9926 | Shoals:3 | Bought a ring of protection from fire for 425 gold pieces
  9976 | Shoals:3 | Found a transporter.
 10123 | Shoals:2 | Reached skill level 1 in Shields
 10123 | Shoals:2 | HP: 37/150 [something (2)]
 10124 | Shoals:2 | Reached skill level 14 in Earth Magic
 10137 | Shoals:2 | HP: 11/150 [merfolk aquamancer/torrent of water (39)]
 10137 | Shoals:2 | Collided with a plant

Vanquished Creatures
  Nikola (Shoals:1)
  Josephine (D:12)
  3 merfolk javelineers
  7 merfolk impalers
  Fannar (Lair:2)
  7 hydras
  An alligator snapping turtle (Shoals:1)
  6 merfolk avatars
  A centaur warrior (D:14)
  A boulder beetle (D:13)
  3 merfolk aquamancers
  A death yak (Lair:5)
  3 skysharks
  9 sea snakes
  A fire crab (Lair:5)
  A harpy (Shoals:4)
  A lindwurm (Lair:5)
  12 manticores
  5 fauns (Shoals:1)
  5 cyclopes
  12 elephants (Lair:5)
  2 molten gargoyles (Lair:3)
  9 merfolk sirens
  A torpor snail (Lair:1)
  10 cane toads
  2 water nymphs (Shoals:4)
  A gargoyle (D:14)
  Psyche (D:12)
  9 komodo dragons
  8 rime drakes
  An efreet (D:13)
  4 trolls
  2 harpy zombies (Shoals:1)
  6 wind drakes
  2 polar bears (Lair:5)
  17 merfolk
  12 blink frogs
  5 dream sheep (Lair:5)
  Grinder (D:4)
  6 snapping turtles
  A shadow (D:11)
  11 water elementals
  44 yaks
  4 wyverns
  7 wraiths
  4 humans (D:8)
  2 basilisks
  2 redbacks (Lair:2)
  16 vampire mosquitoes
  A warg (Orc:2)
  An acid dragon (D:11)
  16 water moccasins
  A meliai simulacrum (D:14)
  2 ice beasts
  4 orc warriors
  A manticore zombie (Shoals:1)
  A black bear (D:7)
  14 wolves (Lair:5)
  5 ogres
  3 centaurs
  A kobold brigand (D:6)
  Blork the orc (D:4)
  11 bullfrogs
  2 scorpions
  8 wights
  14 killer bees
  4 electric eels
  3 howler monkeys
  A lava snake (Orc:1)
  A quasit (D:6)
  2 gnoll boudas
  7 orc priests
  5 iguanas
  8 orc wizards
  A mummy (D:4)
  7 gnolls
  5 adders
  4 shadow imps
  A white imp (D:6)
  7 ufetubi (D:6)
  2 adder zombies (Ossuary)
  2 worms
  2 dart slugs
  56 orcs
  6 ball pythons
  2 bats
  A bat zombie (Shoals:1)
  5 endoplasms
  5 giant cockroaches
  4 goblins
  3 hobgoblins
  7 kobolds
  4 quokkas
  2 ball python skeletons (Ossuary)
  3 frilled lizards
  2 hobgoblin skeletons (Ossuary)
  4 hobgoblin zombies
  An orc zombie (Ossuary)
  2 rats (D:2)
527 creatures vanquished.

Vanquished Creatures (collateral kills)
  A yak (Lair:4)
  5 boulders
6 creatures vanquished.

Vanquished Creatures (others)
  3 fauns (Shoals:1)
  A bat zombie (Shoals:1)
  4 boulders
8 creatures vanquished.

Grand Total: 541 creatures vanquished

Table legend:
 A = Non-vault XP
 B = Vault XP
 C = Vault XP percentage of total XP
 D = Non-vault monster count
 E = Vault monster count
 F = Vault count percentage of total count
                 A         B        C        D         E       F
            +---------+---------+-------+---------+---------+-------
      Total |   89170 |   31622 |  26.2 |     414 |     115 |  21.7
            +---------+---------+-------+---------+---------+-------
        D:1 |      29 |       0 |   0.0 |      15 |       0 |   0.0
        D:2 |      32 |       0 |   0.0 |      10 |       0 |   0.0
        D:3 |      82 |       2 |   2.4 |      13 |       2 |  13.3
        D:4 |     178 |     383 |  68.3 |      16 |       5 |  23.8
        D:5 |     323 |       0 |   0.0 |       7 |       0 |   0.0
        D:6 |     300 |     304 |  50.3 |      11 |      16 |  59.3
        D:7 |    2125 |       0 |   0.0 |      24 |       0 |   0.0
        D:8 |    1805 |     956 |  34.6 |      21 |      20 |  48.8
        D:9 |    2831 |       0 |   0.0 |      23 |       0 |   0.0
       D:10 |     737 |       0 |   0.0 |      11 |       0 |   0.0
       D:11 |    2936 |       0 |   0.0 |       9 |       0 |   0.0
       D:12 |    2145 |    1928 |  47.3 |      12 |       5 |  29.4
       D:13 |    3098 |       0 |   0.0 |       8 |       0 |   0.0
       D:14 |    3146 |     140 |   4.3 |       7 |       1 |  12.5
     Lair:1 |    5058 |    1205 |  19.2 |      24 |       5 |  17.2
     Lair:2 |    3606 |    1246 |  25.7 |      13 |       3 |  18.8
     Lair:3 |    4226 |    1113 |  20.8 |      16 |       3 |  15.8
     Lair:4 |    4335 |       0 |   0.0 |      13 |       0 |   0.0
     Lair:5 |   19736 |    1508 |   7.1 |      63 |       4 |   6.0
   Shoals:1 |   12963 |    2718 |  17.3 |      27 |       5 |  15.6
   Shoals:2 |    4667 |    4475 |  48.9 |      11 |       7 |  38.9
   Shoals:3 |    5999 |       0 |   0.0 |      12 |       0 |   0.0
   Shoals:4 |    7568 |   15003 |  66.5 |      18 |      25 |  58.1
      Orc:1 |    1043 |       0 |   0.0 |      26 |       0 |   0.0
      Orc:2 |     202 |       0 |   0.0 |       4 |       0 |   0.0
    Ossuary |       0 |     641 | 100.0 |       0 |      14 | 100.0
            +---------+---------+-------+---------+---------+-------

Skill      XL: |  1  2  3  4  5  6  7  8  9 10 11 12 13 14 15 16 |
---------------+-------------------------------------------------+-----
Spellcasting   | 3 4 5 7 9 10 | 10.0
Earth Magic    | 4 5 6 8 9 10 11 12 13 14 | 14.0
Transmutations | 2 3 5 6 |  6.0
Fighting       | 1 2 3 4 6 7 10 11 12 13 15 | 15.7
Conjurations   | 1 2 3 4 5 6 8 10 11 13 | 13.7
Dodging        | 3 4 6 7 8 |  8.7
Translocations | 3 5 8 9 |  9.0
Necromancy     | 1 6 7 |  7.0
Air Magic      | 5 6 |  6.5
Ice Magic      | 4 |  4.5
Armour         | 2 |  2.0
Staves         | 1 4 |  4.4
Long Blades    | 1 |  1.9
Shields        | 1 |  1.3
Stealth        | |  1.4

Action                     |  1- 3 |  4- 6 |  7- 9 | 10-12 | 13-15 | 16-18 || total
---------------------------+-------+-------+-------+-------+-------+-------++-------
  Melee: Dagger            |    11 |     1 |       |       |       |       ||    12
         Staff             |       |     2 |    13 |    33 |    69 |     1 ||   118
         Punch             |       |       |       |     1 |     1 |       ||     2
  Throw: Dart              |       |       |       |    14 |     2 |       ||    16
   Cast: Sandblast         |    49 |    37 |    53 |    45 |    16 |       ||   200
         Passwall          |     6 |       |     9 |     5 |       |       ||    20
         Stone Arrow       |       |    10 |    59 |   186 |   464 |    98 ||   817
         Brom's Barrelling |       |       |       |     4 |     9 |       ||    13
         Petrify           |       |       |       |     2 |       |       ||     2
         Passage of Golubr |       |       |       |       |     1 |       ||     1
         Borgnjor's Vile C |       |       |       |       |    55 |    24 ||    79
         Freezing Cloud    |       |       |       |       |    20 |    16 ||    36
         Iskenderun's Myst |       |       |       |       |       |     5 ||     5
  Evoke: Wand              |       |       |     1 |    19 |    14 |       ||    34
    Use: Scroll            |       |     3 |    14 |    10 |     9 |     2 ||    38
         Potion            |       |       |       |     1 |     3 |     2 ||     6
 Armour: Robe              |    37 |     9 |    31 |   139 |   353 |    72 ||   641
  Dodge: Dodged            |    38 |    24 |   104 |   195 |   411 |    49 ||   821

Illustrated notes

Table legend:
 A = Kills in this place as a percentage of kills in the entire game.
 B = Kills by you in this place as a percentage of kills by you in the entire game.
 C = Kills by friends in this place as a percentage of kills by friends in the entire game.
 D = Other kills in this place as a percentage of other kills in the entire game.
 E = Experience gained in this place as a percentage of experience gained in the entire game.
 F = Experience gained in this place divided by the number of levels of this place that you have seen.
                   A       B       C       D       E      F
               +-------+-------+-------+-------+-------+----------------------
         Total | 100.0 | 100.0 | 100.0 | 100.0 | 100.0 | 4473.8
       Dungeon |  44.6 |  44.8 |   0.0 |   0.0 |  19.4 | 1677.1
          Lair |  27.2 |  27.1 | 100.0 |   0.0 |  34.8 | 8406.6
        Shoals |  19.8 |  19.7 |   0.0 | 100.0 |  44.2 | 13348.2
  Orcish Mines |   5.7 |   5.7 |   0.0 |   0.0 |   1.0 | 622.5
       Ossuary |   2.6 |   2.7 |   0.0 |   0.0 |   0.5 | 641.0
               +-------+-------+-------+-------+-------+----------------------

Table legend: (Time is in decaauts)
 A = Elapsed time spent in this place.
 B = Non-inter-level travel time spent in this place.
 C = Inter-level travel time spent in this place.
 D = Time resting spent in this place.
 E = Time spent auto-exploring this place.
 F = Levels seen in this place.
 G = Mean time per level.
                   A        B        C        D        E       F      G
               +--------+--------+--------+--------+--------+-----+--------+
         Total |  10368 |   9625 |    743 |    369 |      0 |  27 |  384.0 |
       Dungeon |   5695 |   5248 |    447 |     53 |      0 |  14 |  406.8 |
        Temple |     46 |     24 |     22 |      0 |      0 |   1 |   46.0 |
          Lair |   2178 |   1993 |    185 |     36 |      0 |   5 |  435.6 |
        Shoals |   1871 |   1783 |     88 |    268 |      0 |   4 |  467.8 |
  Orcish Mines |    308 |    308 |      0 |      0 |      0 |   2 |  154.0 |
       Ossuary |    267 |    267 |      0 |     12 |      0 |   1 |  267.0 |
               +--------+--------+--------+--------+--------+-----+--------+

Top non-repeatable levels by time:
Shoals:1: 766 daAuts
     D:8: 675 daAuts
     D:6: 589 daAuts
    D:12: 551 daAuts
     D:7: 548 daAuts
Shoals:4: 543 daAuts
     D:9: 530 daAuts
  Lair:5: 499 daAuts
  Lair:3: 497 daAuts
  Lair:4: 492 daAuts
     D:1: 484 daAuts
  Lair:1: 465 daAuts
     D:3: 408 daAuts
     D:5: 358 daAuts
    D:11: 327 daAuts
